Map: Through the Darkness

Players

GEETAY - Winner!

  • Race: Protoss Protoss
  • League: Platinum

cleyton

  • Race: Protoss Protoss

VOD

Have the link to the VOD?

Description

Time

  • Played on: Oct. 8, 2016, 2:08 p.m.
  • Length: 6:16
Show
View Real Time Build Order
Export as new Build Order

GEETAY Protoss - Winner!

Build Orders:  

Get SALT Encoding   

  12  0:01  Probe (Chrono Boost)  
  13  0:11  Probe (Chrono Boost)  
  14  0:19  Pylon  
  14  0:24  Probe (Chrono Boost)  
  15  0:37  Probe (Chrono Boost)  
  15  0:39  Gateway  
  16  0:47  Assimilator, Probe (Chrono Boost)  
  17  0:58  Probe (Chrono Boost)  
  18  1:11  Probe (Chrono Boost)  
  19  1:27  Cybernetics Core  
  19  1:30  Probe (Chrono Boost)  
  20  1:38  Pylon  
  20  1:41  Probe (Chrono Boost)  
  21  1:49  Nexus  
  21  1:55  Probe (Chrono Boost)  
  22  2:10  Probe (Chrono Boost)  
  22  2:11  Robotics Facility  
  22  2:12  Warp Gate  
  23  2:15  Stalker  
  25  2:23  Gateway  
  25  2:35  Robotics Facility  
  25  2:38  Assimilator  
  25  2:39  Probe (Chrono Boost)  
  26  2:50  Probe (Chrono Boost)  
  27  2:57  Stalker  
  29  3:09  Probe x2 (Chrono Boost)  
  29  3:12  Stalker  
  33  3:18  Pylon  
  34  3:20  Probe x2 (Chrono Boost)  
  34  3:31  Mothership Core (Chrono Boost)  
  36  3:39  Probe (Chrono Boost)  
  37  3:43  Observer  
  38  3:49  Probe (Chrono Boost)  
  38  3:53  Probe (Chrono Boost)  
  40  3:59  Probe (Chrono Boost)  
  41  4:04  Probe (Chrono Boost)  
  41  4:10  Probe (Chrono Boost)  
  41  4:13  Pylon  
  41  4:32  Pylon  
  40  4:43  Immortal  
  40  4:45  Probe x2 (Chrono Boost)  
  46  4:54  Stalker x2  
  46  4:56  Probe x2 (Chrono Boost)  
  52  5:06  Probe x2 (Chrono Boost)  
  54  5:12  Assimilator  
  54  5:13  Assimilator  
  54  5:17  Probe x2 (Chrono Boost)  
  54  5:20  Stalker  
  58  5:22  Stalker  
  58  5:27  Nexus, Probe x2 (Chrono Boost)  
  62  5:30  Pylon  
  62  5:40  Probe x2 (Chrono Boost)  
  64  5:43  Pylon  
  64  5:45  Stalker  
  64  5:46  Stalker  
Show
View Real Time Build Order
Export as new Build Order

cleyton Protoss 

Build Orders: Oracle Opening 

Get SALT Encoding   

  12  0:02  Probe (Chrono Boost)  
  13  0:12  Probe (Chrono Boost)  
  14  0:21  Pylon  
  14  0:23  Probe (Chrono Boost)  
  15  0:40  Probe (Chrono Boost)  
  16  0:44  Gateway  
  16  0:46  Assimilator  
  16  0:50  Probe (Chrono Boost)  
  17  1:07  Assimilator  
  17  1:08  Pylon  
  17  1:14  Probe (Chrono Boost)  
  18  1:24  Gateway, Probe (Chrono Boost)  
  19  1:42  Cybernetics Core  
  19  1:48  Pylon  
  19  1:49  Probe (Chrono Boost)  
  20  2:00  Probe (Chrono Boost)  
  21  2:10  Probe (Chrono Boost)  
  22  2:21  Probe (Chrono Boost)  
  23  2:26  Stargate  
  23  2:29  Stalker  
  25  2:31  Probe (Chrono Boost)  
  26  2:45  Nexus  
  26  2:50  Stalker  
  28  2:55  Pylon  
  28  3:13  Oracle  
  31  3:37  Pylon  
  31  3:45  Robotics Facility  
  31  3:50  Assimilator  
  31  3:55  Assimilator  
  31  4:01  Probe x2 (Chrono Boost)  
  33  4:03  Gateway  
  33  4:04  Gateway  
  33  4:11  Probe x2 (Chrono Boost)  
  35  4:22  Probe (Chrono Boost)  
  36  4:46  Immortal  
  36  4:52  Oracle  
  43  5:03  Probe x2 (Chrono Boost)  
  45  5:13  Probe (Chrono Boost)  
  47  5:15  Probe (Chrono Boost)  
  47  5:24  Probe (Chrono Boost)  
  47  5:26  Immortal  
  47  5:27  Probe (Chrono Boost)  
  53  5:34  Probe (Chrono Boost)  
  54  5:39  Probe (Chrono Boost)  
  52  5:45  Probe (Chrono Boost)  
  54  5:51  Probe (Chrono Boost)  
  54  5:56  Mothership Core (Chrono Boost)  
Tags
 
Add a new tag
Caveats
  • Supply blocks, unpowered buildings, or Contaminate may cause inaccurate times.
  • Supply counts are checked every 10 seconds.